Match 46112798
Unlisted

Match 46112798
End
Construct Section Command Post
Dingo Light Scout Car
Royal Engineer Section
ML 3-inch Mortar Team
Infantry Section
Infantry Section
Selects Canadian Shock Battlegroup
Selects Offensive Resupply
Selects Canadian Shock Section
Construct Platoon Command Post
Humber Armored Car
Royal Engineer Section
Construct Field Infirmary
Selects Incendiary Munitions
Grenade Package
6-pounder Anti-tank Gun Team
Infantry Training
Selects Pyrotechnics
crywo1f
Katyusha
Mutzelmen
Miffy
Happy PanzerVI
свитлана
0
0

Comments sign in to comment!

No comments posted yet!